AoeStats
← Mark The Shark

Highland

503874517Analyzed
2v2 RM · 29d ago on Sep 2, 2026· 45m 18s· 4 players
Game mode
Random Map
Map size
Medium (4 player)
Population
200
Speed
Normal
Resources
Standard
Victory
Conquest
Starting age
Dark Age
Ending age
Imperial Age
RankedLock teamsTeams togetherTeam positionsShared explorationLock speedFull tech treeHidden civsTurbo modeCheats
Victory
Defeat
🇳🇴 Franks · Norway
1071
+12
🇳🇴 Magyars · Norway
947
+18
🇳🇱 Malay · Netherlands
995
-15
🇮🇹 Spanish · Italy
976
-14
marro.bert
15:48 Feudal Age
17:27 Wheelbarrow
16:46 Gold Mining
16:44 Double-Bit Axe
17:51 Loom
19:31 Fishing Lines
24:09 Castle Age
22:30 Forging
24:20 Pikeman
25:49 Gillnets
29:11 Hand Cart
30:02 Man-at-Arms
34:27 Long Swordsman
37:58 Iron Casting
37:24 Scale Mail Armor
41:07 Scale Barding Armor
42:28 Elite Skirmisher
44:21 Chain Barding Armor
44:05 Padded Archer Armor
LukeMcOlds
3:30 Loom
16:38 Feudal Age
16:27 Double-Bit Axe
16:29 Town Watch
17:45 Fishing Lines
18:37 Forging
18:18 Fletching
19:03 Gold Mining
19:04 Stone Mining
24:36 Castle Age
24:12 Pikeman
24:53 Squires
26:36 Iron Casting
25:57 Bodkin Arrow
27:55 Medium Warships
28:40 Wheelbarrow
28:54 Gillnets
29:46 Wheelbarrow
31:15 Hand Cart
34:02 Treadmill Crane
35:03 Stone Shaft Mining
35:43 Gold Shaft Mining
35:18 Elite Skirmisher
37:49 Thalassocracy
39:05 Horse Collar
39:37 Bow Saw
40:30 Heavy Plow
42:25 Ballistics
42:16 Masonry
42:02 Murder Holes
46:32 Imperial Age
45:33 Clinker Construction
45:38 Careening
45:49 Padded Archer Armor
Mark The Shark
10:35 Loom
12:20 Feudal Age
14:14 Double-Bit Axe
17:15 Castle Age
15:52 Forging
15:48 Scale Barding Armor
20:07 Husbandry
27:21 Chain Barding Armor
29:14 Iron Casting
34:31 Bow Saw
37:11 Imperial Age
35:13 Fletching
37:44 Wheelbarrow
37:57 Cavalier
39:18 Paladin
42:20 Blast Furnace
43:41 Plate Barding Armor
Rømmern
1:57 Loom
10:00 Feudal Age
15:36 Bloodlines
23:43 Castle Age
26:58 Fletching
29:14 Bodkin Arrow
29:39 Double-Bit Axe
30:07 Crossbowman
30:57 Thumb Ring
31:16 Padded Archer Armor
32:29 Ballistics
32:07 Murder Holes
37:46 Leather Archer Armor
38:43 Wheelbarrow
37:53 Town Watch
41:59 Imperial Age
45:08 Arbalester
Connection lost

Rejoining the realm…

Still unreachable

The connection could not be restored.

Session expired

The server has moved on; the page needs a fresh start.